 Seeded DCSS version 0.27-a0-965-gbf8bb431c4 (webtiles) character file.

Game seed: 20181210 (custom seed)

256 Snicker the Sneak (level 5, 0/39 HPs)
             Began as a Demonspawn Brigand on Apr 12, 2021.
             Slain by Grinder (3 damage)
             ... while paralysed by Grinder
             ... on level 3 of the Dungeon.
             The game lasted 00:06:55 (2757 turns).

Snicker the Sneak (Demonspawn Brigand)              Turns: 2757, Time: 00:06:55

Health: 0/39       AC:  5    Str: 11    XL:     5   Next: 92%
Magic:  5/5        EV:  2    Int: 12    God:
Gold:   113        SH:  0    Dex: 22    Spells: 1/4 levels left

rFire    + . .     SeeInvis .   a - +2 dagger
rCold    + . .     Faith    .   (no shield)
rNeg     . . .     Spirit   .   v - +0 leather armour
rPois    +         Reflect  .   t - +0 helmet
rElec    +         Harm     .   c - +0 cloak
rCorr    +         Rampage  .   (no gloves)
Will     .....                  (no boots)
Stlth    +++.......             (no amulet)
HPRegen  0.13/turn              i - +6 ring of dexterity
MPRegen  0.09/turn              (no ring)

@: paralysed, resistant
A: talons 1, repulsion field 2
a: no special abilities


You were on level 3 of the Dungeon.
You visited 1 branch of the dungeon, and saw 3 of its levels.

You collected 113 gold pieces.

Inventory:

Hand Weapons
 a - a +2 dagger (weapon)
Missiles
 d - 6 poisoned darts (quivered)
 p - 2 curare-tipped darts
Armour
 b - a +0 robe
 c - a +0 cloak (worn)
 t - a +0 helmet (worn)
 v - a +0 leather armour (worn)
Jewellery
 i - a +6 ring of dexterity (left hand)
Scrolls
 e - 2 scrolls of identify {unknown}
 f - a scroll of immolation {unknown}
 g - a scroll of torment {unknown}
 h - 3 scrolls of vulnerability {unknown}
 k - a scroll of acquirement {unknown}
 l - a scroll of fog {unknown}
 n - a scroll of silence {unknown}
 o - a scroll of blinking {unknown}
 q - 2 scrolls of teleportation {unknown}
 s - 2 scrolls of magic mapping {unknown}
Potions
 j - 2 potions of lignification {unknown}
 r - a potion of invisibility {unknown}
 u - a potion of cancellation {unknown}


   Skills:
 + Level 2.4 Fighting
 * Level 3.4 Short Blades
 + Level 2.2 Throwing
 + Level 1.6 Dodging
 * Level 5.4 Stealth


You had one spell level left.
You knew the following spells:

 Your Spells              Type           Power      Damage    Failure   Level
a - Confusing Touch       Hex            0%         N/A       78%         3

Your spell library contained the following spells:

 Spells                   Type           Power      Damage    Failure   Level
 Gell's Gravitas          Tloc           0%         N/A       78%         3
 Petrify                  Tmut/Erth      0%         N/A       99%         4
 Metabolic Englaciation   Hex/Ice        0%         N/A       100%        5
 Yara's Violent Unravell  Hex/Tmut       0%         3d3       100%        5


Dungeon Overview and Level Annotations

Branches:
Dungeon (3/15)

Altars:
Trog

Annotations:
D:3 1 runed translucent door, Grinder; LuckyCharm's ghost, amateur PaFi


Innate Abilities, Weirdness & Mutations

You have sharp toenails.
You are surrounded by a moderate repulsion field. (EV +3)


Message History

Press: ? - help, Q - select action, (/) - cycle Shift-Dir - straight line, f/p - Grinder
Aim: Grinder (62% to hit)
You throw a poisoned dart. The poisoned dart hits Grinder.
Unknown command.
You hit Grinder but do no damage. Your kick misses Grinder.
Grinder gestures at you. You resist with significant effort.
You hit Grinder. You claw Grinder.
Grinder is lightly wounded.
Grinder hits you but does no damage.
You closely miss Grinder. Your kick misses Grinder.
Grinder is lightly wounded.
Grinder hits you.
You writhe in agony.
You hit Grinder. You claw Grinder.
Grinder is moderately wounded.
You hit Grinder but do no damage.
Grinder is moderately wounded.
Grinder hits you!
You hit Grinder. You claw Grinder.
Grinder is heavily wounded.
Grinder closely misses you.
You hit Grinder but do no damage.
Grinder is heavily wounded.
Grinder hits you but does no damage.
You hit Grinder. You claw Grinder.
Grinder is severely wounded.
Grinder closely misses you.
You hit Grinder but do no damage. Your kick misses Grinder.
Grinder is severely wounded.
Grinder gestures at you.
You suddenly lose the ability to move!
Grinder blinks!
Grinder hits you.
* * * LOW HITPOINT WARNING * * *
You writhe in agony.
* * * LOW HITPOINT WARNING * * *
Grinder gestures at you. You resist with significant effort. Grinder hits you.
You die...

........#.#.# #...........#
#.#.###.#.#.# #...........#######
#.#.###.#.#.# #..................
#.#..##.#.#.###########'#########
#.#...#.#.#..........##.#########
#.#####.#.#..#######.............
#.##....#..........#..#.#########
#.##.####.#..#####.#..#+#########
#.##.# #.#((((.@..#.............
#.##.# #.##.####5.#.....########
# #.# #.##.# ..#.....# #
#.####.##)# ..#.....## #
##......##.#######......# #
#.).....................# #
#..........####..###....# #
#.........รท# ##.# #....# #
############ #.# #....#######


You could see Grinder.

Vanquished Creatures
  Sigmund (D:2)
  Natasha (D:3)
  Robin (D:2)
  An adder (D:3)
  4 ball pythons
  2 bats
  5 endoplasms
  2 giant cockroaches
  11 goblins
  8 hobgoblins
  6 jackals
  2 quokkas
  A frilled lizard (D:2)
  3 kobolds
  7 rats
55 creatures vanquished.

Vanquished Creatures (others)
  A wizard (D:3)
1 creature vanquished.

Grand Total: 56 creatures vanquished

Notes
Turn   | Place    | Note
-------+----------+-------------------------------------------
     0 | D:1      | Snicker the Demonspawn Brigand began the quest for the Orb.
     0 | D:1      | Reached XP level 1. HP: 16/16 MP: 1/1
    72 | D:1      | Reached skill level 4 in Stealth
   369 | D:1      | Gained mutation: You are surrounded by a mild repulsion
                  | field. (EV +2) [demonic ancestry]
   369 | D:1      | Reached XP level 2. HP: 22/22 MP: 2/2
   425 | D:1      | Reached skill level 1 in Dodging
  1101 | D:2      | Gained mutation: You have sharp toenails. [demonic
                  | ancestry]
  1101 | D:2      | Reached XP level 3. HP: 27/27 MP: 3/3
  1218 | D:2      | Noticed Robin
  1265 | D:2      | Killed Robin
  1635 | D:2      | Noticed Sigmund
  1650 | D:2      | Killed Sigmund
  1651 | D:2      | Reached skill level 5 in Stealth
  1651 | D:2      | Reached XP level 4. HP: 30/34 MP: 1/4
  1651 | D:2      | Gained mutation: You are surrounded by a moderate repulsion
                  | field. (EV +3) [demonic ancestry]
  1651 | D:2      | Reached XP level 5. HP: 34/39 MP: 1/5
  1651 | D:2      | Found a faded altar of an unknown god.
  1908 | D:3      | Noticed Natasha
  1911 | D:3      | Killed Natasha
  1943 | D:3      | Learned a level 3 spell: Confusing Touch
  1985 | D:3      | Found a runed translucent door.
  1986 | D:3      | Noticed LuckyCharm's ghost (amateur PaFi)
  2350 | D:3      | Noticed Grinder
  2372 | D:3      | Found a bloodstained altar of Trog.
  2375 | D:3      | Noticed a wizard
  2380 | D:3      | Killed a wizard
  2740 | D:3      | Paralysed by Grinder for 2 turns
  2752 | D:3      | Paralysed by Grinder for 6 turns
  2757 | D:3      | Slain by Grinder

Illustrated notes

Levels and vault maps discovered:
D:1:      lightli_arrival_noodles, layout_basic, st_stairs_7, minmay_surrounded
D:2:      layout_rooms, hellmonk_ecumenical_altar_inner_sanctum,
          minmay_stone_trees_small, uniq_sigmund, uniq_robin
D:3:      layout_basic, trog_wizard, ebering_ghost_sewer_f, uniq_natasha,
          uniq_grinder

Skill      XL: |  1  2  3 |
---------------+----------+-----
Stealth        | 4 5 |  5.4
Short Blades   | 2 3 |  3.4
Dodging        | 1 |  1.6
Throwing       | 2 |  2.2
Fighting       | |  2.4

Action                   |  1- 3 |  4- 6 || total
-------------------------+-------+-------++-------
Melee: Dagger            |   118 |    35 ||   153
       Kick              |    13 |    11 ||    24
Throw: Dart              |    15 |     5 ||    20
  Use: Potion            |       |     1 ||     1
 Stab: Sleeping          |     5 |     3 ||     8
Armor: Robe              |    16 |     1 ||    17
       Leather armour    |       |     4 ||     4
Dodge: Dodged            |    71 |    16 ||    87

Table legend: (Time is in decaauts)
 A = Elapsed time spent in this place.
 B = Non-inter-level travel time spent in this place.
 C = Inter-level travel time spent in this place.
 D = Time resting spent in this place.
 E = Time spent auto-exploring this place.
 F = Levels seen in this place.
 G = Mean time per level.
                   A        B        C        D        E       F      G
               +--------+--------+--------+--------+--------+-----+--------+
         Total |   2735 |   2666 |     69 |    366 |   1761 |   3 |  911.7 |
       Dungeon |   2735 |   2666 |     69 |    366 |   1761 |   3 |  911.7 |
               +--------+--------+--------+--------+--------+-----+--------+

Top non-repeatable levels by time:
     D:2: 977 daAuts
     D:1: 915 daAuts
     D:3: 842 daAuts
